 Dungeon Crawl Stone Soup version 0.30.1-11-g7821555f0a (webtiles) character file.

Game seed: 440557458541657404

186 Okkudo the Chopper (level 5, -1/46 HPs)
             Began as a Hill Orc Monk on Nov 29, 2023.
             Slain by Pargi (3 damage)
             ... in a sewer.
             The game lasted 00:09:42 (2915 turns).

Okkudo the Chopper (Hill Orc Monk)                  Turns: 2915, Time: 00:09:43

Health: -1/46      AC: 11    Str: 16    XL:     5   Next: 65%
Magic:  5/5        EV:  8    Int: 10    God:
Gold:   192        SH:  0    Dex: 13    Spells: 4/4 levels left

rFire   + . .        a - +0 hand axe
rCold   x . .        d - orb {light}
rNeg    . . .        A - +0 chain mail
rPois   .            w - +2 helmet
rElec   .            (no cloak)
rCorr   .            (no gloves)
SInv    .            (no boots)
Will    .....        (no amulet) Stlth
                     j - ring of fire
HPRegen 0.27/turn    (no ring)
MPRegen 0.09/turn

%: no passive effects
@: glowing, very slow
A: no striking features
a: no special abilities


You were in a sewer.
You visited 1 branch of the dungeon, and saw 4 of its levels.
You also visited: Sewer.

You collected 192 gold pieces.

Inventory:

Hand Weapons
 a - a +0 hand axe (weapon)
Missiles
 l - 17 poisoned darts (quivered)
Armour
 d - an orb of light (worn)
 w - a +2 helmet (worn)
 A - a +0 chain mail (worn)
Jewellery
 j - a ring of fire (left hand)
 s - a ring of positive energy
 y - an amulet of magic regeneration
Scrolls
 f - a scroll of fear {unknown}
 g - a scroll of summoning {unknown}
 m - 2 scrolls of enchant armour {unknown}
 n - 3 scrolls of immolation {unknown}
 q - 2 scrolls of amnesia {unknown}
 r - 2 scrolls of teleportation {unknown}
 u - a scroll of identify {unknown}
 v - 2 scrolls of fog {unknown}
 x - a scroll of vulnerability {unknown}
Potions
 c - a potion of ambrosia
 e - a potion of mutation {unknown}
 h - a potion of might
 i - 2 potions of invisibility {unknown}
 k - a potion of curing {unknown}
 o - a potion of magic {unknown}
 p - a potion of degeneration {unknown}
 t - a potion of lignification {unknown}
 z - a potion of heal wounds {unknown}


   Skills:
 - Level 3.9 Fighting
 * Level 7.8 Axes
 - Level 2.6 Dodging


You had 4 spell levels left.
You didn't know any spells.
Your spell library was empty.

Dungeon Overview and Level Annotations

Branches:
Dungeon (4/15)              Sewer (1/1)
 Temple: D:4-7

Altars:

Shops:
D:3 (

Annotations:
Sewer Pargi


Message History

You closely miss the adder. The adder closely misses you.
Pargi bites you but does no damage. Pargi claws you but does no damage. x2
Your unstable footing causes you to fumble your attack.
The adder bites you. Pargi barely misses you. Pargi claws you.
Pargi claws you but does no damage.
Your unstable footing causes you to fumble your attack.
The adder closely misses you. Pargi closely misses you.
Pargi claws you but does no damage. x2
Your unstable footing causes you to fumble your attack.
The adder closely misses you. Pargi barely misses you.
Pargi claws you but does no damage. x2; The adder bites you.
You barely miss Pargi.
Pargi is heavily wounded.
You barely miss the adder. The adder bites you but does no damage.
Pargi pleads, "Don't hit me!"
Pargi bites you.
* * * LOW HITPOINT WARNING * * *
Pargi claws you but does no damage. Pargi claws you.
* * * LOW HITPOINT WARNING * * *
You hit Pargi.
Pargi is heavily wounded.
You barely miss the adder. The adder barely misses you.
Your unstable footing causes you to fumble your attack.
Pargi bites you.
* * * LOW HITPOINT WARNING * * *
Pargi closely misses you. Pargi claws you but does no damage.
The adder bites you but does no damage.
You slash Pargi!
Pargi is severely wounded.
You hit the adder but do no damage. Pargi bites you but does no damage.
Pargi claws you.
* * * LOW HITPOINT WARNING * * *
Pargi claws you.
* * * LOW HITPOINT WARNING * * *
The adder bites you but does no damage.
You hit Pargi.
Pargi is almost dead.
You closely miss the adder. The adder barely misses you.
Pargi bites you but does no damage. Pargi claws you.
You die...

#≈≈≈≈≈≈≈≈≈~#####~≈≈~#~≈
##≈≈≈≈≈≈≈≈.## ##∩∩.#
#≈≈≈≈≈≈≈≈≈..# #####
≈≈≈≈≈≈≈≈≈†~.#
#≈≈≈≈≈≈≈.####
#≈≈≈≈≈≈≈~# #≈≈≈≈≈≈~.#
#≈≈≈≈≈≈~## ≈≈≈≈≈≈≈@#
#≈≈≈≈≈ST# ≈≈≈≈≈≈≈≈.
#≈≈≈≈≈≈≈~# #≈≈≈≈≈≈≈≈.
##≈≈≈≈≈≈≈.# #≈≈≈≈≈≈≈≈≈.
#≈≈≈≈≈≈≈≈≈.#


You could see Pargi and an adder.

Vanquished Creatures
  A hound (D:4)
  An iguana (D:4)
  4 adders
  A worm (D:2)
  A dart slug (D:2)
  7 ball pythons
  10 bats
  8 endoplasms
  5 giant cockroaches
  3 goblins (D:1)
  7 hobgoblins
  6 jackals (D:1)
  10 kobolds
  6 quokkas
  5 frilled lizards
  7 rats
82 creatures vanquished.

Notes
Turn   | Place    | Note
-------+----------+-------------------------------------------
     0 | D:1      | Okkudo the Hill Orc Monk began the quest for the Orb.
     0 | D:1      | Reached XP level 1. HP: 19/19 MP: 1/1
    47 | D:1      | Reached XP level 2. HP: 20/27 MP: 2/2
   256 | D:1      | Reached XP level 3. HP: 33/33 MP: 3/3
   260 | D:1      | Reached skill level 5 in Axes
   686 | D:2      | Found a faded altar of an unknown god.
   977 | D:2      | Reached XP level 4. HP: 27/40 MP: 4/4
  1076 | D:2      | Reached skill level 6 in Axes
  1886 | D:3      | Found Acuaxke's Weapon Shoppe.
  2596 | D:4      | Reached skill level 7 in Axes
  2596 | D:4      | Reached XP level 5. HP: 40/46 MP: 5/5
  2659 | D:4      | Found a glowing drain.
  2685 | Sewer    | Entered a sewer
  2699 | Sewer    | HP: 2/46 [poisoned by an adder]
  2888 | Sewer    | Noticed Pargi
  2914 | Sewer    | HP: 1/46 [Pargi (2)]
  2915 | Sewer    | Slain by Pargi

Illustrated notes

Levels and vault maps discovered:
D:1:      psy_arrival_whirlpool, layout_basic
D:2:      layout_basic, hellmonk_ecumenical_altar_leap_of_faith, minmay_circle_x
D:3:      layout_basic, serial_shops, nicolae_shop_crystal
D:4:      layout_basic, portal_sewer_entry_f, minmay_door_square
Sewer:    sewer_co_pargi_island

Skill      XL: |  1  2  3  4 |
---------------+-------------+-----
Axes           | 5 7 |  7.8
Fighting       | |  3.9
Dodging        | |  2.6

Action                     |  1- 3 |  4- 6 || total
---------------------------+-------+-------++-------
  Melee: Hand axe          |   103 |   144 ||   247
    Use: Potion            |       |     1 ||     1
 Armour: Robe              |    35 |    24 ||    59
         Chain mail        |       |    67 ||    67
  Dodge: Dodged            |    76 |    97 ||   173
